 Dungeon Crawl Stone Soup version 0.23-a0-422-g30b1108 (webtiles) character file.

2730 Garbasso the Arsonist (level 9, -12/88 HPs)
             Began as an Ogre Fire Elementalist on Nov 14, 2018.
             Was an Elder of Ru.
             Mangled by Harold
             ... wielding a +0 halberd
              (19 damage)
             ... on level 8 of the Dungeon.
             The game lasted 00:23:23 (10167 turns).

Garbasso the Arsonist (Ogre Fire Elementalist)     Turns: 10167, Time: 00:23:23

Health: -12/88     AC:  4    Str: 14    XL:     9   Next: 67%
Magic:  2/20       EV:  5    Int: 19    God:    Ru [****..]
Gold:   310        SH:  0    Dex:  9    Spells: 8/23 levels left

rFire    + . .     SeeInvis .   k - +1 short sword (venom)
rCold    . . .     Gourm    .   (no shield)
rNeg     . . .     Faith    .   a - +0 robe
rPois    .         Spirit   .   (helmet restricted)
rElec    .         Reflect  .   s - +0 cloak
rCorr    .         Harm     .   (gloves unavailable)
MR       .....                  (boots unavailable)
Stlth    +.........             (no amulet)
HPRegen  0.24/turn              m - ring of flight
MPRegen  0.17/turn              q - ring of protection from fire

@: about to teleport, very slightly contaminated, held
A: large, unfitting armour, tough skin 1, inability to use devices,
inexperienced 1
a: Draw Out Power, Power Leap, Renounce Religion


You were on level 8 of the Dungeon.
You worshipped Ru.
Ru was greatly pleased with you.
You were hungry.

You visited 1 branch of the dungeon, and saw 8 of its levels.

You collected 310 gold pieces.

Inventory:

Hand Weapons
 k - a +1 short sword of venom (weapon)
Armour
 a - a +0 robe (worn)
 s - a +0 cloak (worn)
Jewellery
 m - a ring of flight (left hand)
 q - a ring of protection from fire (right hand)
 r - a +4 ring of intelligence
Scrolls
 b - 6 scrolls of magic mapping
 d - 2 scrolls of remove curse {unknown}
 e - a scroll of identify
 h - 2 scrolls of noise
 i - a scroll of immolation {unknown}
 l - a scroll of amnesia {unknown}
 n - a scroll of enchant armour {unknown}
 o - 3 scrolls of teleportation
 y - a scroll of blinking {unknown}
 A - a scroll of random uselessness {unknown}
 D - a scroll of fear {unknown}
Potions
 f - 3 potions of curing
 g - 3 potions of invisibility
 p - 2 potions of mutation
 t - a potion of degeneration
 u - a potion of resistance
 w - 4 potions of might
 x - a potion of agility
 z - a potion of brilliance
 B - 2 potions of haste
 C - a potion of ambrosia
Comestibles
 c - 7 rations
 j - a chunk of flesh


   Skills:
 + Level 5.1 Fighting
 - Level 1.7 Dodging
 - Level 1.4 Stealth
 + Level 7.6 Spellcasting
 + Level 6.0 Conjurations
 * Level 9.0 Fire Magic


You had 8 spell levels left.
You knew the following spells:

 Your Spells              Type           Power        Failure   Level  Hunger
a - Flame Tongue          Conj/Fire      #####        1%          1    None
b - Throw Flame           Conj/Fire      #####.       1%          2    None
c - Conjure Flame         Conj/Fire      #####...     1%          3    #......
d - Sticky Flame          Conj/Fire      #####...     4%          4    ###....
e - Fireball              Conj/Fire      #####.....   12%         5    #####..

Your spell library contained the following spells:

 Spells                   Type           Power        Failure   Level  Hunger
 Inner Flame              Hex/Fire       ###.....     4%          3    #......


Dungeon Overview and Level Annotations

Branches:
Dungeon (8/15)             Temple (0/1) D:7
   Lair: D:8-11

Altars:
Cheibriados
Dithmenos
Fedhas
Hepliaklqana
Nemelex Xobeh
Okawaru
Qazlal
Ru
Sif Muna
Trog
Uskayaw
The Shining One

Annotations:
D:8 Harold


Innate Abilities, Weirdness & Mutations

You are too large for most types of armour.
You have tough skin. (AC +1)
You cannot study or use magical devices.
You are somewhat inexperienced. (-2 XL)


Message History

Confirm with . or Enter, or press ? or * to list all spells.
Aiming: Fireball (slightly dangerous; 12% risk of failure)
Press: ? - help, Shift-Dir - straight line, f/p - Harold
Aim: Harold, wielding a +0 halberd and wearing a +0 chain mail (heavily You miscast Fireball.
You are very lightly contaminated with residual magic.
Fire whirls out from your hands!
You are feeling hungry. 2 fire vortices come into view.
Harold hits you from afar with a +0 halberd!
You struggle against the net.
Harold hits you from afar with a +0 halberd!
* * * LOW HITPOINT WARNING * * *
As you read the scroll of teleportation, it crumbles to dust.
You feel strangely unstable. The fire vortex hits you.
The fire vortex burns you! You resist.
* * * LOW HITPOINT WARNING * * *
The fire vortex dissipates!
Harold hits you from afar with a +0 halberd!!
You die... ######################## .........../..v.@ยง@..... ########################

You could see Harold (blind) and a fire vortex.

Vanquished Creatures
  Grinder (D:6)
  Eustachio (D:6)
  Edmund (D:5)
  4 ice beasts
  2 black bears
  3 sky beasts
  2 phantoms
  3 ogres
  4 centaurs (D:6)
  Blork the orc (D:6)
  3 bullfrogs (D:6)
  2 scorpions
  A water moccasin skeleton (D:7)
  3 killer bees (D:7)
  3 wights
  A howler monkey (D:7)
  2 crimson imps (D:7)
  3 orc priests (D:3)
  2 orc wizards
  6 worker ants
  2 iguanas
  2 hound skeletons
  7 adders
  A shadow imp (D:6)
  3 oozes
  An adder skeleton (D:7)
  4 worms
  2 dart slugs
  5 leopard geckos
  13 orcs
  6 bats
  5 giant cockroaches
  5 goblins
  11 hobgoblins
  14 jackals
  7 kobolds
  3 quokkas
  6 frilled lizards
  A leopard gecko skeleton (D:6)
  12 rats
158 creatures vanquished.

Vanquished Creatures (others)
  A fire vortex (D:8)
  6 plants (D:7)
7 creatures vanquished.

Grand Total: 165 creatures vanquished

Notes
Turn   | Place    | Note
-------+----------+-------------------------------------------
     0 | D:1      | Garbasso the Ogre Fire Elementalist began the quest for the
                  | Orb.
     0 | D:1      | Reached XP level 1. HP: 16/16 MP: 3/3
     4 | D:1      | Reached skill level 1 in Conjurations
   100 | D:1      | Reached XP level 2. HP: 24/24 MP: 2/5
   135 | D:1      | Learned a level 2 spell: Throw Flame
   148 | D:1      | Reached skill level 3 in Fire Magic
   691 | D:1      | Reached XP level 3. HP: 30/31 MP: 2/7
   743 | D:1      | Learned a level 3 spell: Conjure Flame
  1274 | D:2      | Reached XP level 4. HP: 32/39 MP: 1/8
  2221 | D:3      | Reached skill level 4 in Fire Magic
  2221 | D:3      | Reached XP level 5. HP: 22/45 MP: 0/10
  3117 | D:3      | Found a hazy altar of Hepliaklqana.
  3122 | D:3      | Found a hide-covered altar of Uskayaw.
  3123 | D:3      | Found a sacrificial altar of Ru.
  3124 | D:3      | Found an iron altar of Okawaru.
  3124 | D:3      | Found a stormy altar of Qazlal.
  3127 | D:3      | Found a snail-covered altar of Cheibriados.
  3127 | D:3      | Found a blossoming altar of Fedhas.
  3129 | D:3      | Found a shadowy altar of Dithmenos.
  3130 | D:3      | Found a bloodstained altar of Trog.
  3131 | D:3      | Found a glowing golden altar of the Shining One.
  3140 | D:3      | Became a worshipper of Ru the Awakened
  3233 | D:3      | Reached XP level 6. HP: 36/53 MP: 3/11
  3392 | D:3      | Learned a level 4 spell: Sticky Flame
  3665 | D:4      | Reached skill level 5 in Fire Magic
  3899 | D:4      | Reached XP level 7. HP: 37/59 MP: 11/13
  3927 | D:4      | Learned a level 5 spell: Fireball
  4986 | D:5      | Entered Level 5 of the Dungeon
  5045 | D:5      | Reached skill level 5 in Spellcasting
  5123 | D:5      | Found a sparkling altar of Nemelex Xobeh.
  5198 | D:5      | Reached skill level 6 in Fire Magic
  5281 | D:5      | Gained mutation: You are somewhat inexperienced. (-2 XL)
                  | [Ru sacrifice]
  5281 | D:5      | Reached XP level 6. HP: 53/53 MP: 13/13
  5281 | D:5      | Reached XP level 5. HP: 45/45 MP: 12/12
  5281 | D:5      | Reached * piety under Ru
  5281 | D:5      | Reached ** piety under Ru
  5292 | D:5      | Noticed a sky beast
  5295 | D:5      | Killed a sky beast
  5295 | D:5      | Reached XP level 6. HP: 53/53 MP: 7/14
  5576 | D:6      | Noticed an ice beast
  5623 | D:5      | Killed an ice beast
  5623 | D:5      | Reached XP level 7. HP: 15/59 MP: 0/15
  6400 | D:6      | Noticed Grinder
  6408 | D:6      | Killed Grinder
  6408 | D:6      | Reached skill level 7 in Fire Magic
  6516 | D:6      | Reached XP level 8. HP: 47/68 MP: 9/17
  6516 | D:6      | Noticed Blork the orc
  6527 | D:6      | Reached skill level 1 in Fighting
  6961 | D:6      | Noticed Edmund
  6962 | D:6      | Noticed Eustachio
  7070 | D:5      | Reached skill level 5 in Conjurations
  7317 | D:5      | Killed Edmund
  7562 | D:6      | Killed Eustachio
  7562 | D:6      | Reached skill level 8 in Fire Magic
  7755 | D:6      | Killed Blork the orc
  7755 | D:6      | Reached XP level 9. HP: 83/83 MP: 8/19
  9532 | D:7      | Reached skill level 9 in Fire Magic
  9674 | D:7      | Found a staircase to the Ecumenical Temple.
  9750 | D:7      | Got a steaming robe
  9751 | D:7      | Identified the +2 robe of Plasticity {rElec Str+7 Int-5}
                  | (You found it on level 7 of the Dungeon)
  9763 | D:7      | Reached skill level 5 in Fighting
 10031 | D:7      | Found a deep blue altar of Sif Muna.
 10144 | D:8      | Gained mutation: You cannot study or use magical devices.
                  | [Ru sacrifice]
 10144 | D:8      | Reached *** piety under Ru
 10144 | D:8      | Reached **** piety under Ru
 10148 | D:8      | Noticed Harold
 10167 | D:8      | Mangled by Harold

Vault maps used:
D:1:      minmay_arrival_split_and_join, minmay_split_cup_small
D:2:      minmay_misc_feat_rugged
D:3:      minitemple
D:4:      first_ration, serial_forest, infiniplex_forest_end_2,
          infiniplex_forest_lined_room_2, infiniplex_forest_3_way,
          infiniplex_forest_corner_1, infiniplex_forest_clump_large,
          infiniplex_forest_lined_corner, infiniplex_forest_straight_4,
          dk_noncrumbling_4, grunt_tough_drop
D:5:      nemelex_xobeh_ov_fountains_minmay
D:6:      nicolae_whirlpool, uniq_grinder, uniq_edmund, uniq_eustachio,
          uniq_blork_the_orc
D:7:      tgw_sif, minmay_temple_entry_enclosed_plants
D:8:      hangedman_pestilent_swarm, uniq_joseph, uniq_harold

Skill      XL: |  1  2  3  4  5  6  7  8  9 |
---------------+----------------------------+-----
Conjurations   | 1 2 4 3 5 6 |  6.0
Fire Magic     | 3 4 5 7 8 9 |  9.0
Spellcasting   | 3 4 6 7 |  7.6
Fighting       | 3 5 |  5.1
Dodging        | |  1.7
Stealth        | |  1.4

Action                   |  1- 3 |  4- 6 |  7- 9 || total
-------------------------+-------+-------+-------++-------
Melee: Dagger            |    15 |    13 |       ||    28
       Short sword       |       |    53 |   119 ||   172
 Cast: Flame Tongue      |    54 |    91 |   106 ||   251
       Throw Flame       |     1 |     6 |    25 ||    32
       Conjure Flame     |       |     5 |     4 ||     9
       Sticky Flame      |       |     2 |    18 ||    20
       Fireball          |       |       |    13 ||    13
Invok: Sacrifice Experie |       |     1 |       ||     1
       Sacrifice Artific |       |       |     1 ||     1
Evoke: Wand              |       |       |     2 ||     2
  Use: Potion            |       |     1 |     1 ||     2
       Scroll            |       |       |    12 ||    12
 Stab: Sleeping          |     2 |       |       ||     2
  Eat: Chunk             |     1 |     7 |    12 ||    20
       Ration            |       |     1 |     4 ||     5
Armor: Robe              |    10 |    28 |    46 ||    84
Dodge: Dodged            |    23 |    45 |   102 ||   170

Table legend:
 A = Non-vault XP
 B = Vault XP
 C = Vault XP percentage of total XP
 D = Non-vault monster count
 E = Vault monster count
 F = Vault count percentage of total count
                 A         B        C        D         E       F
            +---------+---------+-------+---------+---------+-------
      Total |    3558 |    1195 |  25.1 |     147 |      11 |   7.0
            +---------+---------+-------+---------+---------+-------
        D:1 |      37 |       4 |   9.8 |      20 |       3 |  13.0
        D:2 |      94 |       0 |   0.0 |      29 |       0 |   0.0
        D:3 |     233 |       0 |   0.0 |      27 |       0 |   0.0
        D:4 |     419 |       0 |   0.0 |      19 |       0 |   0.0
        D:5 |     920 |     164 |  15.1 |      16 |       1 |   5.9
        D:6 |     839 |    1027 |  55.0 |      19 |       7 |  26.9
        D:7 |     982 |       0 |   0.0 |      16 |       0 |   0.0
        D:8 |      34 |       0 |   0.0 |       1 |       0 |   0.0
            +---------+---------+-------+---------+---------+-------
